 Dungeon Crawl Stone Soup version 0.29-a0-234-g0dae59b3db (webtiles) character file.

Game seed: 8319336958054032350

40 spaghetti the Sneak (level 3, 0/29 HPs)
             Began as a Demonspawn Delver on Mar 3, 2022.
             Succumbed to an adder's poison
             ... on level 5 of the Dungeon.
             The game lasted 00:01:01 (135 turns).

spaghetti the Sneak (Demonspawn Delver)              Turns: 135, Time: 00:01:01

Health: 0/29       AC:  4    Str: 12    XL:     3   Next: 30%
Magic:  6/6        EV: 11    Int: 13    God:
Gold:   12         SH:  0    Dex: 14    Spells: 7/7 levels left

rFire   . . .      SeeInvis .   a - +0 falchion {long}
rCold   . . .      Faith    .   (no shield)
rNeg    . . .      Spirit   .   b - +0 leather armour
rPois   .          Reflect  .   (no helmet)
rElec   .          Harm     .   (no cloak)
rCorr   .          Rampage  .   (no gloves)
Will    .....                   (no boots)
Stlth   ++........              (no amulet)
HPRegen 0.09/turn               (no ring)
MPRegen 0.10/turn               (no ring)

@: lethally poisoned (0 -> -6)
A: foul stench 1, sharp scales 1
a: no special abilities


You were on level 5 of the Dungeon.
You visited 1 branch of the dungeon, and saw 1 of its levels.

You collected 12 gold pieces.


Innate Abilities, Weirdness & Mutations

You may rarely emit foul miasma when damaged in melee.
You are partially covered in razor-sharp scales. (AC +1, Slay +1)


   Skills:
 - Level 3.0 Fighting
 - Level 1.8 Long Blades
 - Level 1.8 Dodging
 - Level 4.5 Stealth
 + Level 2.6 Spellcasting


You had 7 spell levels left.
You didn't know any spells.
Your spell library contained the following spells:

 Spells                   Type           Power      Damage    Failure   Level
 Leda's Liquefaction      Hex/Erth       0%         N/A       97%         4
 Lee's Rapid Deconstruct  Erth           0%         3d5*      100%        5
 Statue Form              Tmut/Erth      0%         N/A       100%        6

Inventory:

Hand Weapons
 a - a +0 falchion (weapon) {long}
Missiles
 i - 4 poisoned darts (quivered) {throwing}
Armour
 b - a +0 leather armour (worn)
Wands
 g - a wand of digging (3)
 h - a wand of iceblast (3)
   (You found it on level 5 of the Dungeon)
Scrolls
 c - a scroll of fog
 d - a scroll of magic mapping {!r}
 e - a scroll of fear

Dungeon Overview and Level Annotations

Branches:
Dungeon (5/15)
 Temple: D:4-7

Altars:
Sif Muna
Wu Jian

.._≈≈..>.##......#.##.#.###.
≈≈≈≈≈..#.##.............#
≈≈≈≈...#..#........#####.#
.......##.....####.# $.
....... ##....#....# ..
....... ##.#.#.##[## #
....... #...#.#...######
....... #......._.......
#@#####...#.#.## ...####○.#
##.##.# .........# #....#
....####.# #.####... ..
#.#####......#
#...##..###### ###....##
####.# ###


There were no monsters in sight!


Message History

Okay, then.
The hound closely misses you.
Okay, then.
Okay, then.
You feel yourself speed up.
The hound bites you but does no damage. x2
You barely miss the hound. The hound barely misses you.
You slash the hound! The hound closely misses you.
You hit the hound. The hound bites you. 😕 HP[-1]
You take 1 damage, and now have 17/18 hp.
You closely miss the hound. The hound closely misses you.
You hit the hound.
You kill the hound!
Your Spellcasting skill gained 2 levels and is now at level 2!
You have reached level 2!
Your demonic ancestry asserts itself...
You begin to emit a foul stench of rot and decay.
You have reached level 3!
Your experience leads to an increase in your attributes!
Increase (S)trength, (I)ntelligence, or (D)exterity?
You feel clever. x2; Your demonic ancestry asserts itself...
Sharp scales grow over part of your body. 😕 HP[+11]
You now have 29 max hp (+11).
You regained 11 hp, and now have 28/29 hp.
You hear the slow hiss of an avalanche of sand nearby. 😎 HP[+1]
Your hp is fully restored (29).
You see here a +0 leather armour.
There is a shimmering blue altar of Sif Muna here. 😎 MP[+1]
You start resting.
Your extra speed is starting to run out.
You feel yourself slow down. 😎 MP[+4]
Your mp is fully restored (6).
You hear the slow hiss of a distant avalanche of sand.
The helpless adder fails to defend itself.
You hit the adder.
The adder bites you but does no damage. x2
You miss the adder. The adder barely misses you. The adder closely misses you.
You closely miss the adder. The adder misses you.
You hit the adder. The adder closely misses you. The adder barely misses you.
You hit the adder. The adder bites you. 😕 HP[-1]
You take 1 damage, and now have 28/29 hp.
You hit the adder but do no damage. The adder bites you.
You are poisoned.
The adder poisons you! The adder barely misses you. 😕 HP[-2]
You take 2 damage, and now have 26/29 hp.
You closely miss the adder.
You feel sick. The adder misses you. 😕 HP[-2]
You take 2 damage, and now have 24/29 hp.
You completely miss the adder.
You feel sick. The adder bites you. x2 😮 HP[-7]
You take 7 damage, and now have 17/29 hp.
MASSIVE DAMAGE!! (PAUSE)
You miss the adder.
You feel sick.
You are no longer poisoned.
The adder bites you.
* * * LOW HITPOINT WARNING * * *
You are poisoned.
The adder poisons you!
You emit a cloud of foul miasma! 😨 HP[-3]
You take 3 damage, and now have 14/29 hp.
You aren't carrying any potions.
Unknown command.
You barely miss the adder.
You feel sick.
The adder is engulfed in dark miasma.
The adder is poisoned.
The adder seems to slow down.
The adder misses you.
The adder is engulfed in dark miasma.
The adder looks even sicker.
The adder bites you.
* * * LOW HITPOINT WARNING * * *
You are lethally poisoned!
The adder poisons you! 😨 HP[-5]
You take 5 damage, and now have 9/29 hp.
You are lethally poisoned (9 -> -5).
Your movement speed is average.
Your attack delay is about 1.2.
You aren't carrying any potions.
Okay, then.
You barely miss the adder.
* * * LOW HITPOINT WARNING * * *
You feel very sick.
The adder is engulfed in dark miasma.
The adder looks even sicker.
You kill the adder! 😱 HP[-4]
You take 4 damage, and now have 5/29 hp.
* * * LOW HITPOINT WARNING * * *
You feel sick. 😱 HP[-2]
You take 2 damage, and now have 3/29 hp.
* * * LOW HITPOINT WARNING * * *
You feel sick. 😱 HP[-2]
You take 2 damage, and now have 1/29 hp.
Unknown command.
There is a lethal amount of poison in your body!
There is a lethal amount of poison in your body!
Unknown command.
You die...

Skill      XL: |  1 |
---------------+----+-----
Spellcasting   | 2 |  2.6
Fighting       | |  3.0
Long Blades    | |  1.8
Dodging        | |  1.8
Stealth        | |  4.5

Action                   || total
-------------------------++-------
Melee: Falchion          ||    17
  Use: Potion            ||     1
 Stab: Sleeping          ||     2
Armor: Leather armour    ||     4
Dodge: Dodged            ||    12

Levels and vault maps discovered:
D:5:      minmay_diamond_boxcup, layout_rooms, fedhas_ov_isle_minmay,
          mainiacjoe_overflow_catwalk, nicolae_overflow_crystal_walls,
          chei_slow_surprise, nicolae_ossuary_entry_ruins, uniq_prince_ribbit1,
          uniq_edmund, uniq_duvessa, uniq_sigmund

Notes
Turn   | Place    | Note
-------+----------+-------------------------------------------
     0 | D:5      | spaghetti the Demonspawn Delver began the quest for the
                  | Orb.
     0 | D:5      | Reached XP level 1. HP: 18/18 MP: 1/1
     0 | D:5      | magus.rc [v1.9.6]
    12 | D:5      | Found a shimmering blue altar of Sif Muna.
    12 | D:5      | Noticed a hound
    27 | D:5      | You pick up a book of the Earth and begin reading...
    27 | D:5      | You add the spells Leda's Liquefaction, Lee's Rapid
                  | Deconstruction and Statue Form to your library.
    37 | D:5      | Noticed a two-headed ogre
    47 | D:5      | Killed a hound
    48 | D:5      | Reached skill level 2 in Spellcasting
    48 | D:5      | Gained mutation: You may rarely emit foul miasma when
                  | damaged in melee. [demonic ancestry]
    48 | D:5      | Reached XP level 2. HP: 23/24 MP: 1/5
    48 | D:5      | Gained mutation: You are partially covered in razor-sharp
                  | scales. (AC +1, Slay +1) [demonic ancestry]
    48 | D:5      | Reached XP level 3. HP: 28/29 MP: 1/6
   132 | D:5      | HP: 5/29 [poisoned by an adder]
   134 | D:5      | HP: 1/29 [poisoned by an adder]
   135 | D:5      | Succumbed to an adder's poison

Vanquished Creatures
  A hound (D:5)
  An adder (D:5)
  A quokka (D:5)
3 creatures vanquished.

Table legend:
 A = Non-vault XP
 B = Vault XP
 C = Vault XP percentage of total XP
 D = Non-vault monster count
 E = Vault monster count
 F = Vault count percentage of total count
                 A         B        C        D         E       F
            +---------+---------+-------+---------+---------+-------
      Total |      58 |       0 |   0.0 |       3 |       0 |   0.0
            +---------+---------+-------+---------+---------+-------
        D:5 |      58 |       0 |   0.0 |       3 |       0 |   0.0
            +---------+---------+-------+---------+---------+-------

Illustrated notes

Table legend:
 A = Kills in this place as a percentage of kills in entire the game.
 B = Kills by you in this place as a percentage of kills by you in the entire game.
 C = Kills by friends in this place as a percentage of kills by friends in the entire game.
 D = Other kills in this place as a percentage of other kills in the entire game.
 E = Experience gained in this place as a percentage of experience gained in the entire game.
 F = Experience gained in this place divided by the number of levels of this place that you have seen.
                   A       B       C       D       E      F
               +-------+-------+-------+-------+-------+----------------------
         Total | 100.0 | 100.0 |   N/A |   N/A | 100.0 |  58.0
       Dungeon | 100.0 | 100.0 |   N/A |   N/A | 100.0 |  58.0
               +-------+-------+-------+-------+-------+----------------------

Table legend: (Time is in decaauts)
 A = Elapsed time spent in this place.
 B = Non-inter-level travel time spent in this place.
 C = Inter-level travel time spent in this place.
 D = Time resting spent in this place.
 E = Time spent auto-exploring this place.
 F = Levels seen in this place.
 G = Mean time per level.
                   A        B        C        D        E       F      G
               +--------+--------+--------+--------+--------+-----+--------+
         Total |    120 |    120 |      0 |     35 |      2 |   1 |  120.0 |
       Dungeon |    120 |    120 |      0 |     35 |      2 |   1 |  120.0 |
               +--------+--------+--------+--------+--------+-----+--------+

Top non-repeatable levels by time:
     D:5: 120 daAuts
